PCL
TEXARKANA BEARS @ SPOKANE TRAPPERS
08/02/2026
 
TOP OF THE 1ST
Lansing Lugnuts batting - Pitching for Spokane Trappers : RHP Jae-hyun Ch'oe
Pitching: RHP Jae-hyun Ch'oe
Batting: RHB Juan Rico 0-0: Ground out 6-3 (Groundball, 6M)
Batting: RHB Wilson Gómez 0-0: SINGLE (Groundball, 5D)
Batting: LHB Tom Mullins 0-0: Called Strike
0-1: Ball
1-1: Foul Ball, location: 2F
1-2: Strikes out swinging
Batting: RHB Billy Campbell 0-0: Fly out, F9 (Popup, 9S)
Top of the 1st over - 0 run(s), 1 hit(s), 0 error(s), 1 left on base; Lansing 0 - Spokane 0
BOTTOM OF THE 1ST
Spokane Trappers batting - Pitching for Lansing Lugnuts : RHP Enrique Valdés
Pitching: RHP Enrique Valdés
Batting: RHB Tomás Carranza 0-0: Ball
1-0: DOUBLE (Groundball, 5L)
Batting: SHB Nick Cox 0-0: Ball
1-0: Fly out, F7 (Flyball, 7D)
Runner from 2nd tags up, SAFE at 3rd, no throw
Batting: RHB Marlon Phipps 0-0: Foul Ball, location: 2F
0-1: Swinging Strike
0-2: Ball
1-2: Fly out, F8 (Flyball, 8LS)
Runner from 3rd tags up, SCORES, throw made
Batting: RHB Ramiro Ross 0-0: Foul Ball, location: 2F
0-1: Called Strike
0-2: Ball
1-2: Strikes out looking
Bottom of the 1st over - 1 run(s), 1 hit(s), 0 error(s), 0 left on base; Lansing 0 - Spokane 1
TOP OF THE 2ND
Lansing Lugnuts batting - Pitching for Spokane Trappers : RHP Jae-hyun Ch'oe
Batting: LHB Sam Barnes 0-0: Ball
1-0: Ball
2-0: Ball
3-0: Base on Balls
Batting: RHB Sadao Kimura 0-0: Swinging Strike
0-1: Foul Ball, location: 2F
0-2: Ground out 5-3 (Groundball, 56S)
Sam Barnes to second
Batting: RHB Lu-fang Huie 0-0: Ball
1-0: Called Strike
1-1: Ball
Wild Pitch!
Sam Barnes to third
2-1: Ball
3-1: Foul Ball, location: 2F
3-2: SINGLE (Line Drive, 8LS)
Sam Barnes scores
Batting: RHB Steve Garneys 0-0: SINGLE (Groundball, 6M)
Lu-fang Huie to second
Batting: LHB Alberto Medine 0-0: Foul Ball, location: 2F
0-1: Swinging Strike
0-2: Strikes out swinging
Batting: RHB Juan Rico 0-0: Called Strike
0-1: Ground out 1-3 (Groundball, 15S)
Top of the 2nd over - 1 run(s), 2 hit(s), 0 error(s), 2 left on base; Lansing 1 - Spokane 1
BOTTOM OF THE 2ND
Spokane Trappers batting - Pitching for Lansing Lugnuts : RHP Enrique Valdés
Batting: LHB Héctor Rentería 0-0: Ball
1-0: Ball
2-0: Ball
3-0: Base on Balls
Batting: RHB Jeremy Carr 0-0: Ball
1-0: Called Strike
1-1: Ball
Héctor Rentería steals 2nd base
2-1: Ground out 5-3 (Groundball, 56)
Batting: RHB Clyde Kelley 0-0: Ball
1-0: Called Strike
1-1: Called Strike
1-2: SINGLE (Line Drive, 9S)
Héctor Rentería to third
Runner from 3rd tries for Home, SAFE, no throw or cutoff
Batting: LHB Jesús Ramírez 0-0: Ball
1-0: Ball
2-0: Called Strike
2-1: Ball
3-1: Foul Ball, location: 2F
3-2: Strikes out swinging
Batting: RHB Pedro Rodríguez 0-0: Called Strike
0-1: Foul Ball, location: 2F
0-2: Ball
1-2: Foul Ball, location: 2F
1-2: Strikes out looking
Bottom of the 2nd over - 1 run(s), 1 hit(s), 0 error(s), 1 left on base; Lansing 1 - Spokane 2
TOP OF THE 3RD
Lansing Lugnuts batting - Pitching for Spokane Trappers : RHP Jae-hyun Ch'oe
Batting: RHB Wilson Gómez 0-0: Foul Ball, location: 2F
0-1: Called Strike
0-2: Ball
1-2: Foul Ball, location: 2F
1-2: Foul Ball, location: 2F
1-2: Ground out 5-3 (Groundball, 5L)
Batting: LHB Tom Mullins 0-0: Fly out, F6 (Popup, 6D)
Batting: RHB Billy Campbell 0-0: Fly out, F3 (Popup, 34)
Top of the 3rd over - 0 run(s), 0 hit(s), 0 error(s), 0 left on base; Lansing 1 - Spokane 2
BOTTOM OF THE 3RD
Spokane Trappers batting - Pitching for Lansing Lugnuts : RHP Enrique Valdés
Batting: RHB Tomás Carranza 0-0: SINGLE (Line Drive, 8LS)
Batting: SHB Nick Cox 0-0: Ball
1-0: Swinging Strike
1-1: Fielders Choice at 2nd, 4-6 (Groundball, 4)
Batting: RHB Marlon Phipps 0-0: Ball
1-0: Called Strike
1-1: Ball
2-1: Called Strike
2-2: Ball
3-2: Strikes out swinging
Batting: RHB Ramiro Ross 0-0: Fly out, F7 (Line Drive, 7D)
Bottom of the 3rd over - 0 run(s), 1 hit(s), 0 error(s), 1 left on base; Lansing 1 - Spokane 2
TOP OF THE 4TH
Lansing Lugnuts batting - Pitching for Spokane Trappers : RHP Jae-hyun Ch'oe
Batting: LHB Sam Barnes 0-0: Called Strike
0-1: Swinging Strike
0-2: Ball
1-2: Strikes out swinging
Batting: RHB Sadao Kimura 0-0: Swinging Strike
0-1: Ground out 5-3 (Groundball, 56)
Batting: RHB Lu-fang Huie 0-0: Foul Ball, location: 2F
0-1: Ball
1-1: Ball
2-1: Ball
3-1: Base on Balls
Batting: RHB Steve Garneys 0-0: Ball
Lu-fang Huie steals 2nd base
1-0: Foul Ball, location: 2F
1-1: Foul Ball, location: 2F
1-2: Strikes out swinging
Top of the 4th over - 0 run(s), 0 hit(s), 0 error(s), 1 left on base; Lansing 1 - Spokane 2
BOTTOM OF THE 4TH
Spokane Trappers batting - Pitching for Lansing Lugnuts : RHP Enrique Valdés
Batting: LHB Héctor Rentería 0-0: Foul Ball, location: 2F
0-1: Ball
1-1: Ball
2-1: Fly out, F8 (Flyball, 8RD)
Batting: RHB Jeremy Carr 0-0: Ball
1-0: Ground out 4-3 (Groundball, 4)
Batting: RHB Clyde Kelley 0-0: Ball
1-0: Ball
2-0: Foul Ball, location: 2F
2-1: Foul Ball, location: 2F
2-2: Strikes out swinging
Bottom of the 4th over - 0 run(s), 0 hit(s), 0 error(s), 0 left on base; Lansing 1 - Spokane 2
TOP OF THE 5TH
Lansing Lugnuts batting - Pitching for Spokane Trappers : RHP Jae-hyun Ch'oe
Batting: LHB Alberto Medine 0-0: Fly out, F8 (Flyball, 8RS)
Batting: RHB Juan Rico 0-0: Called Strike
0-1: Fly out, F9 (Flyball, 89S)
Batting: RHB Wilson Gómez 0-0: Foul Ball, location: 2F
0-1: Ball
1-1: Ball
2-1: Foul Ball, location: 2F
2-2: Strikes out swinging
Top of the 5th over - 0 run(s), 0 hit(s), 0 error(s), 0 left on base; Lansing 1 - Spokane 2
BOTTOM OF THE 5TH
Spokane Trappers batting - Pitching for Lansing Lugnuts : RHP Enrique Valdés
Batting: LHB Jesús Ramírez 0-0: Swinging Strike
0-1: Ball
1-1: Called Strike
1-2: SINGLE (Groundball, 34S)
Batting: RHB Pedro Rodríguez 0-0: Called Strike
0-1: Ball
1-1: Ball
2-1: Ball
3-1: Swinging Strike
3-2: Ground out 5-3 (Groundball, 56S)
Jesús Ramírez to second
Batting: RHB Tomás Carranza 0-0: Ground out 4-3 (Groundball, 4M)
Jesús Ramírez to third
Batting: SHB Nick Cox 0-0: Ball
1-0: Called Strike
1-1: Ball
2-1: Swinging Strike
2-2: Ball
3-2: Strikes out swinging
Bottom of the 5th over - 0 run(s), 1 hit(s), 0 error(s), 1 left on base; Lansing 1 - Spokane 2
TOP OF THE 6TH
Lansing Lugnuts batting - Pitching for Spokane Trappers : RHP Jae-hyun Ch'oe
Batting: LHB Tom Mullins 0-0: Ball
1-0: Ball
2-0: Fly out, F8 (Flyball, 8LM)
Batting: RHB Billy Campbell 0-0: Called Strike
0-1: Fly out, F7 (Flyball, 7M)
Batting: LHB Sam Barnes 0-0: Ball
1-0: Hit by Pitch
Batting: RHB Sadao Kimura 0-0: Called Strike
0-1: 2-RUN HOME RUN (Flyball, 7D), Distance : 378 ft
Batting: RHB Lu-fang Huie 0-0: Ball
1-0: SINGLE (Groundball, 4D)
Batting: RHB Steve Garneys 0-0: Called Strike
0-1: SINGLE (Groundball, 3L)
Lu-fang Huie to second
Runner from 2nd tries for 3rd, OUT!
Top of the 6th over - 2 run(s), 3 hit(s), 0 error(s), 1 left on base; Lansing 3 - Spokane 2
BOTTOM OF THE 6TH
Spokane Trappers batting - Pitching for Lansing Lugnuts : RHP Enrique Valdés
Batting: RHB Marlon Phipps 0-0: Called Strike
0-1: Foul Ball, location: 2F
0-2: Ball
1-2: Strikes out swinging
Batting: RHB Ramiro Ross 0-0: Ball
1-0: Called Strike
1-1: Swinging Strike
1-2: Ball
2-2: Foul Ball, location: 2F
2-2: Ball
3-2: Strikes out swinging
Batting: LHB Héctor Rentería 0-0: Fly out, F8 (Flyball, 8LD)
Bottom of the 6th over - 0 run(s), 0 hit(s), 0 error(s), 0 left on base; Lansing 3 - Spokane 2
TOP OF THE 7TH
Lansing Lugnuts batting - Pitching for Spokane Trappers : RHP Jae-hyun Ch'oe
Batting: LHB Alberto Medine 0-0: Ball
1-0: Called Strike
1-1: Swinging Strike
1-2: Strikes out swinging
Batting: RHB Juan Rico 0-0: Ball
1-0: Swinging Strike
1-1: Swinging Strike
1-2: Foul Ball, location: 2F
1-2: Foul Ball, location: 2F
1-2: Foul Ball, location: 2F
1-2: Ball
2-2: Strikes out looking
Batting: RHB Wilson Gómez 0-0: Called Strike
0-1: Ground out 5-3 (Groundball, 5L)
Top of the 7th over - 0 run(s), 0 hit(s), 0 error(s), 0 left on base; Lansing 3 - Spokane 2
BOTTOM OF THE 7TH
Spokane Trappers batting - Pitching for Lansing Lugnuts : RHP Enrique Valdés
Batting: RHB Jeremy Carr 0-0: DOUBLE (Line Drive, 7D)
Batting: RHB Clyde Kelley
Pinch Hitting: LHB Melvin White 0-0: Foul Ball, location: 2F
0-1: Ground out 4-3 (Groundball, 4)
Jeremy Carr to third
Batting: LHB Jesús Ramírez 0-0: Called Strike
0-1: Foul Ball, location: 2F
0-2: Strikes out swinging
Pinch Hitting: RHB Keith Kirkpatrick 0-0: Ball
1-0: Ball
2-0: Fly out, F9 (Flyball, 9LM)
Bottom of the 7th over - 0 run(s), 1 hit(s), 0 error(s), 1 left on base; Lansing 3 - Spokane 2
TOP OF THE 8TH
Lansing Lugnuts batting - Pitching for Spokane Trappers : RHP Jae-hyun Ch'oe
Now at 2B: Jaime Padilla
Now at 3B: Dani Rodríguez
Batting: LHB Tom Mullins 0-0: Ball
1-0: Foul Ball, location: 2F
1-1: Foul Ball, location: 2F
1-2: Foul Ball, location: 2F
1-2: Ball
2-2: Ground out 6-3 (Groundball, 6)
Batting: RHB Billy Campbell 0-0: SINGLE (Line Drive, 9S)
Batting: LHB Sam Barnes 0-0: Called Strike
0-1: Ball
1-1: Hit by Pitch
Billy Campbell to second
Batting: RHB Sadao Kimura 0-0: Called Strike
0-1: Fly out, F6 (Popup, 56D)
Batting: RHB Lu-fang Huie 0-0: Called Strike
0-1: Swinging Strike
0-2: Ball
1-2: Ball
2-2: Ball
3-2: Strikes out looking
Top of the 8th over - 0 run(s), 1 hit(s), 0 error(s), 2 left on base; Lansing 3 - Spokane 2
BOTTOM OF THE 8TH
Spokane Trappers batting - Pitching for Lansing Lugnuts : RHP Enrique Valdés
Pitching: RHP Asher Zasko
Batting: RHB Tomás Carranza 0-0: Ball
1-0: Called Strike
1-1: Ball
2-1: Ball
3-1: Foul Ball, location: 2F
3-2: Ground out 6-3 (Groundball, 6)
Pitching: RHP Alberto Márquez
Batting: SHB Nick Cox 0-0: Foul Ball, location: 2F
0-1: Foul Ball, location: 2F
0-2: Ball
1-2: Ball
2-2: SINGLE (Line Drive, 6D)
Batting: RHB Marlon Phipps 0-0: Ball
1-0: Foul Ball, location: 2F
1-1: Foul Ball, location: 2F
1-2: Strikes out swinging
Batting: RHB Ramiro Ross 0-0: 2-RUN HOME RUN (Flyball, 78XD), Distance : 392 ft
Batting: LHB Héctor Rentería 0-0: Ground out 4-3 (Groundball, 4MD)
Bottom of the 8th over - 2 run(s), 2 hit(s), 0 error(s), 0 left on base; Lansing 3 - Spokane 4
TOP OF THE 9TH
Lansing Lugnuts batting - Pitching for Spokane Trappers : RHP Jae-hyun Ch'oe
Pitching: LHP Júlio Hernández
Batting: RHB Steve Garneys 0-0: Ball
1-0: Ball
2-0: Foul Ball, location: 2F
2-1: Swinging Strike
2-2: Foul Ball, location: 2F
2-2: Foul Ball, location: 2F
2-2: Foul Ball, location: 2F
2-2: Ground out 6-3 (Groundball, 6M)
Batting: LHB Alberto Medine 0-0: Called Strike
0-1: Ball
1-1: SINGLE (Line Drive, 34D)
Batting: RHB Juan Rico 0-0: Called Strike
0-1: Swinging Strike
0-2: Ball
1-2: Strikes out swinging
Batting: RHB Wilson Gómez 0-0: Called Strike
0-1: SINGLE (Groundball, 56D)
Alberto Medine to second
Batting: LHB Tom Mullins 0-0: 3-RUN HOME RUN (Flyball, 9D), Distance : 384 ft
Batting: RHB Billy Campbell 0-0: Called Strike
0-1: Ground out 6-3 (Groundball, 6M)
Top of the 9th over - 3 run(s), 3 hit(s), 0 error(s), 0 left on base; Lansing 6 - Spokane 4
BOTTOM OF THE 9TH
Spokane Trappers batting - Pitching for Lansing Lugnuts : RHP Alberto Márquez
Pitching: LHP Roberto Vázquez
Batting: RHB Jeremy Carr 0-0: Called Strike
0-1: Ball
1-1: Ball
2-1: Foul Ball, location: 2F
2-2: Foul Ball, location: 2F
2-2: Ball
3-2: Base on Balls
Pinch Hitting: RHB José Gómez 0-0: Ball
1-0: Foul Ball, location: 2F
1-1: Foul Ball, location: 2F
1-2: Strikes out looking
Pinch Hitting: RHB Toru Nakanishi 0-0: Called Strike
0-1: Ball
1-1: Swinging Strike
1-2: Ball
2-2: Strikes out swinging
Batting: RHB Dani Rodríguez Pickoff Throw to First - Out!
Bottom of the 9th over - 0 run(s), 0 hit(s), 0 error(s), 0 left on base; Lansing 6 - Spokane 4
Monday, December 5th, 2016 - OOTP Baseball 17.12 Build 75